AoeStats
← nvxd

Arena

510824254Analyzed
2v2 RM · 9h ago on Oct 2, 2026· 49m 11s· 4 players
Game mode
Random Map
Map size
Medium (4 player)
Population
200
Speed
Normal
Resources
Standard
Victory
Conquest
Starting age
Dark Age
Ending age
Imperial Age
RankedLock teamsTeams togetherTeam positionsShared explorationLock speedFull tech treeHidden civsTurbo modeCheats
Victory
Defeat
🇨🇳 Chinese · China
1047
+13
🇨🇳 Varangians · China
1041
+13
🇬🇧 Bohemians · United Kingdom
987
-13
🇨🇿 Goths · Czechia
985
-13
nvxd
11:50 Feudal Age
12:37 Double-Bit Axe
12:34 Horse Collar
16:10 Castle Age
17:16 Bow Saw
17:13 Heavy Plow
23:55 Loom
24:46 Wheelbarrow
29:16 Imperial Age
26:38 Pikeman
27:19 Squires
27:53 Caravan
28:20 Scale Mail Armor
28:31 Forging
28:12 Fletching
28:12 Town Watch
29:21 Chain Mail Armor
29:41 Halberdier
31:24 Two-Man Saw
32:31 Iron Casting
31:51 Bodkin Arrow
32:29 Anarchy
33:17 Hand Cart
33:35 Conscription
34:43 Gold Mining
34:43 Stone Mining
36:07 Blast Furnace
37:40 Chemistry
37:01 Ballistics
36:51 Masonry
36:37 Murder Holes
36:22 Treadmill Crane
36:10 Elite Huskarl
38:21 Bracer
38:50 Perfusion
41:46 Sappers
44:37 Man-at-Arms
45:03 Long Swordsman
46:53 Crop Rotation
46:13 Two-Handed Swordsman
46:39 Champion
iBenj
9:25 Feudal Age
10:05 Double-Bit Axe
13:04 Loom
16:27 Castle Age
29:44 Imperial Age
27:04 Horse Collar
28:12 Bow Saw
29:45 Wagenburg Tactics
30:56 Wheelbarrow
32:01 Hussite Reforms
33:43 Chemistry
35:47 Houfnice
42:45 Fortified Wall
欲火银河
11:23 Feudal Age
12:34 Double-Bit Axe
13:02 Horse Collar
15:31 Castle Age
15:20 Bloodlines
16:09 Wheelbarrow
22:07 Scale Barding Armor
22:12 Forging
26:37 Husbandry
27:43 Chain Barding Armor
27:58 Iron Casting
27:32 Gold Mining
27:47 Vendel Legacy
34:39 Imperial Age
33:03 Scale Mail Armor
33:59 Squires
33:45 Arson
33:47 Gambesons
34:43 Elite Jarl
35:43 Conscription
36:05 Chain Mail Armor
36:50 Blast Furnace
36:25 Plate Barding Armor
36:55 Blast Furnace
36:31 Plate Barding Armor
37:16 Plate Mail Armor
37:21 Plate Barding Armor
36:18 Cavalier
38:16 Elite Varangian Guard
41:12 Gothikon
42:20 Caravan
Super207
10:33 Feudal Age
12:01 Loom
15:08 Castle Age
13:53 Double-Bit Axe
15:00 Fletching
16:17 Bow Saw
21:46 Wheelbarrow
28:21 Imperial Age
25:47 Gold Mining
27:59 Bodkin Arrow
28:09 Scale Mail Armor
28:52 Ballistics
31:19 Bracer
31:13 Elite Chu Ko Nu
33:00 Bloodlines
32:51 Husbandry
32:13 Cavalier
35:46 Chemistry
35:10 Scale Barding Armor
36:21 Stone Mining
37:09 Gold Shaft Mining
39:22 Padded Archer Armor
40:02 Forging
40:21 Hand Cart
40:55 Chain Barding Armor
42:40 Plate Barding Armor
42:41 Iron Casting
42:23 Masonry
43:22 Conscription
45:36 Blast Furnace
47:00 Rocketry
47:24 Heavy Rocket Cart
Connection lost

Rejoining the realm…

Still unreachable

The connection could not be restored.

Session expired

The server has moved on; the page needs a fresh start.